 Dungeon Crawl Stone Soup version 0.27.1-1-g398f81649c (webtiles) character file.

Game seed: 940402129508263805

18442 pkoi the Grappler (level 12, -11/115 HPs)
             Began as a Troll Monk on Sept 8, 2021.
             Was a Plaything of Xom.
             Mangled by an 11-headed hydra (12 damage)
             ... on level 4 of the Lair of Beasts.
             The game lasted 00:14:13 (10062 turns).

pkoi the Grappler (Troll Monk)                     Turns: 10062, Time: 00:14:13

Health: -11/115    AC:  8    Str: 26    XL:     12   Next: 27%
Magic:  11/11      EV: 12    Int: 12    God:    Xom [*.....]
Gold:   300        SH:  0    Dex: 12    Spells: 11/11 levels left

rFire    . . .     SeeInvis .     - Unarmed
rCold    . . .     Faith    .   (no shield)
rNeg     . . .     Spirit   .   y - +0 steam dragon scales
rPois    +         Reflect  .   (helmet restricted)
rElec    +         Harm     .   i - +0 cloak
rCorr    .         Rampage  +   (gloves unavailable)
Will     ++...     Clarity  +   (boots unavailable)
Stlth    +++.......             q - amulet "Kipasapt" {Acrobat Rampage rElec rPois}
HPRegen  1.29/turn              m - ring of wizardry
MPRegen  0.12/turn              A - +6 ring of intelligence

@: no status effects
A: large, unfitting armour, claws 3, regeneration 1, shaggy fur 1, tough skin 1,
talons 1, thin skeletal structure 1, clarity, clumsy 1, strong-willed 2,
mutation resistance 1, poison resistance, wild magic 2
a: Renounce Religion


You were on level 4 of the Lair of Beasts.
You worshipped Xom.
You were a special plaything of Xom.
You visited 2 branches of the dungeon, and saw 13 of its levels.
You also visited: Sewer.

You collected 860 gold pieces.
You spent 560 gold pieces at shops.

Inventory:

Missiles
 e - 68 poisoned darts (quivered)
 j - 2 throwing nets
 t - 3 javelins
Armour
 a - a +0 robe
 i - a +0 cloak (worn)
 y - +0 steam dragon scales (worn)
Jewellery
 m - a ring of wizardry (left claw)
 q - the amulet "Kipasapt" (around neck) {Acrobat Rampage rElec rPois}
   (You acquired it on level 6 of the Dungeon)

   [amulet of the acrobat]

   It increases your evasion while moving and waiting.
   rElec:     It insulates you from electricity.
   rPois:     It protects you from poison.
   Rampage:   It bestows one free step when moving towards enemies.
 A - a +6 ring of intelligence (right claw)
Wands
 l - a wand of iceblast (8)
 n - a wand of polymorph (8)
 C - a wand of mindburst (11)
 E - a wand of charming (10)
 H - a wand of digging (3)
Scrolls
 b - a scroll of magic mapping
 k - 3 scrolls of fear
 o - a scroll of immolation
 r - 3 scrolls of enchant weapon
 v - a scroll of summoning
 w - a scroll of teleportation
 D - a scroll of fog
 G - 2 scrolls of identify
 I - a scroll of blinking
Potions
 c - 6 potions of ambrosia
 d - 2 potions of curing {unknown}
 f - 5 potions of heal wounds {unknown}
 g - 2 potions of might
 h - 6 potions of degeneration {unknown}
 p - 3 potions of brilliance {unknown}
 s - a potion of haste
 u - 3 potions of cancellation {unknown}
 x - 5 potions of attraction
 z - a potion of invisibility
 B - a potion of flight {unknown}
 F - a potion of mutation {unknown}


   Skills:
 + Level 6.4 Fighting
 + Level 7.8 Dodging
 - Level 1.0 Stealth
 + Level 14.7 Unarmed Combat
 + Level 6.5 Evocations


You had 11 spell levels left.
You didn't know any spells.
Your spell library contained the following spells:

 Spells                   Type           Power      Damage    Failure   Level
 Magic Dart               Conj           0%         1d3       22%         1
 Sting                    Tmut/Pois      0%         1d3       22%         1
 Searing Ray              Conj           0%         3d3       32%         2
 Dazzling Flash           Conj/Hex       0%         N/A       50%         3
 Inner Flame              Hex/Fire       0%         N/A       50%         3
 Fulminant Prism          Conj/Hex       0%         3d6       85%         4
 Invisibility             Hex            0%         N/A       100%        6


Dungeon Overview and Level Annotations

Branches:
Dungeon (9/15)             Temple (0/1) D:6            Lair (4/6) D:8
 Shoals (0/4) Lair:3        Sewer (visited)
  Snake: Lair:2-4    Spider: Lair:2-4       Orc: D:9-12

Altars:
Dithmenos
Gozag
Okawaru
Qazlal
Wu Jian
Xom
Zin

Shops:
D:2 ?   D:3 [   D:6 !

Annotations:
Lair:2 2 runed translucent doors, Junaliek's ghost, journeyman MiFi
Lair:4 exclusion: oklob plant


Innate Abilities, Weirdness & Mutations

You are too large for most types of armour.
You have claws for hands.
Your natural rate of healing is unusually fast.
You are covered in fur. (AC +1)
You have tough skin. (AC +1)
You have sharp toenails.
You have a somewhat thin skeletal structure. (Dex +2, Stealth+)
You possess an exceptional clarity of mind.
You are clumsy. (Dex -2)
You are highly strong-willed. (Will++)
You are somewhat resistant to further mutation.
Your system is resistant to poisons. (rPois)
Your spells are harder to cast, but more powerful.


Message History

The nine-headed hydra bites you! x2; The nine-headed hydra bites you. x2
You rip one of the nine-headed hydra's heads off!
The eight-headed hydra grows two more!
You mangle the ten-headed hydra!! You claw the ten-headed hydra.
The ten-headed hydra is almost dead.
The ten-headed hydra bites you.
The ten-headed hydra closely misses you.
The ten-headed hydra bites you!
* * * LOW HITPOINT WARNING * * *
The ten-headed hydra bites you.
* * * LOW HITPOINT WARNING * * *
The ten-headed hydra completely misses you.
The ten-headed hydra bites you!
* * * LOW HITPOINT WARNING * * *
The ten-headed hydra bites you but does no damage. x2
The ten-headed hydra misses you.
The ten-headed hydra bites you but does no damage.
You tear one of the ten-headed hydra's heads off!
The nine-headed hydra grows two more!
You claw the 11-headed hydra!
The 11-headed hydra is almost dead.
Unknown command.
You completely miss the 11-headed hydra.
You claw the 11-headed hydra.
The 11-headed hydra is almost dead.
The 11-headed hydra bites you!
* * * LOW HITPOINT WARNING * * *
The 11-headed hydra bites you.
* * * LOW HITPOINT WARNING * * *
The 11-headed hydra bites you but does no damage.
The 11-headed hydra bites you!
* * * LOW HITPOINT WARNING * * *
The 11-headed hydra bites you.
* * * LOW HITPOINT WARNING * * *
The 11-headed hydra bites you!
* * * LOW HITPOINT WARNING * * *
The 11-headed hydra bites you.
* * * LOW HITPOINT WARNING * * *
The 11-headed hydra bites you!
You die...
Xom giggles madly!

.#F.......### .F.......## ..
........#### #.. .....
......#.##.#######.. .....
#.##........##P##.### #.....
..##..............#.###......
..##..........#....##P#.....(
.....###...................PP
.....#.........D@..........PP
.....##.#......##...P......PP
.......#...#...######.......)
.........###...# #........
.........##..### #......(.
.............. ##<......
.............. .......
....#.....#.... ....#.#
..........###.. .#.##.#


You could see a 11-headed hydra.

Vanquished Creatures
  Snorg (Lair:4)
  A boulder beetle (Lair:3)
  A two-headed ogre (D:6)
  A black mamba (Lair:2)
  3 cane toads
  A komodo dragon (D:8)
  A queen bee (Lair:3)
  A polar bear (Lair:2)
  2 trolls
  A blink frog (Lair:3)
  13 yaks
  2 wyverns
  5 basilisks
  A steam dragon (D:7)
  7 water moccasins
  3 orc warriors
  A hornet zombie (D:8)
  2 black bears
  2 ogres
  10 wolves (Lair:1)
  4 centaurs
  2 phantoms
  14 bullfrogs
  A kobold brigand (D:8)
  3 scorpions
  A water moccasin skeleton (D:5)
  A water moccasin zombie (D:7)
  24 killer bees (Lair:3)
  A jelly (D:6)
  6 wights (D:8)
  A howler monkey (D:5)
  4 orc priests
  A hound (D:5)
  3 bullfrog skeletons
  A gnoll shaman (D:5)
  An iguana (D:5)
  6 orc wizards
  A killer bee zombie (D:5)
  A hound zombie (D:5)
  19 gnolls
  4 river rats (Sewer)
  7 adders
  An adder skeleton (D:4)
  3 worms
  5 dart slugs
  26 orcs
  12 ball pythons
  2 bats
  8 endoplasms
  7 giant cockroaches
  33 goblins
  21 hobgoblins
  4 jackals (D:1)
  20 kobolds
  7 quokkas
  11 frilled lizards
  6 rats
331 creatures vanquished.

Vanquished Creatures (collateral kills)
  A komodo dragon (Lair:3)
  An adder (D:3)
  A dart slug (D:2)
  An orc (D:4)
  8 goblins
  A hobgoblin (D:4)
13 creatures vanquished.

Vanquished Creatures (others)
  A cane toad (Lair:1)
  15 fungi
  16 plants
  4 toadstools (D:5)
36 creatures vanquished.

Grand Total: 380 creatures vanquished

Notes
Turn   | Place    | Note
-------+----------+-------------------------------------------
     0 | D:1      | pkoi the Troll Monk began the quest for the Orb.
     0 | D:1      | Reached XP level 1. HP: 22/22 MP: 0/0
    83 | D:1      | Reached XP level 2. HP: 25/29 MP: 1/1
   167 | D:1      | Reached skill level 4 in Unarmed Combat
   199 | D:1      | Found a faded altar of an unknown god.
   211 | D:1      | Became a worshipper of Xom of Chaos
   218 | D:1      | Got the Compendium of Mutagenic Execration
   231 | D:1      | XOM: smoke on damage
   236 | D:1      | Reached XP level 3. HP: 33/36 MP: 2/2
   261 | D:1      | XOM: silly message
   494 | D:2      | Noticed a phantom
   512 | D:2      | Killed a phantom
   513 | D:2      | Reached skill level 5 in Unarmed Combat
   513 | D:2      | Reached XP level 4. HP: 18/44 MP: 3/3
   568 | D:2      | Found Vizxuf's Magic Scroll Emporium.
   585 | D:2      | Bought a scroll of noise for 10 gold pieces
   788 | D:2      | Reached XP level 5. HP: 49/50 MP: 4/4
   925 | D:3      | Reached skill level 6 in Unarmed Combat
  1106 | D:3      | XOM: silly message
  1260 | D:3      | XOM: potion effect (curing)
  1261 | D:3      | XOM: cast spell 'Summon Ice Beast'
  1270 | D:3      | XOM: smoke on damage
  1441 | D:3      | Found Hobig's Antique Armour Shoppe.
  1544 | D:4      | Reached XP level 6. HP: 31/59 MP: 5/5
  1701 | D:4      | XOM: summons friendly quasit
  1704 | D:4      | Reached skill level 7 in Unarmed Combat
  2074 | D:4      | XOM: fog
  2216 | D:4      | XOM: scenery: create altars
  2301 | D:4      | Found an opulent altar of Gozag.
  2301 | D:4      | Found a glowing silver altar of Zin.
  2320 | D:4      | XOM: scenery: summon butterflies
  2576 | D:4      | XOM: silly message
  2708 | D:4      | XOM: divination: detect items
  2809 | D:5      | Entered Level 5 of the Dungeon
  2810 | D:5      | XOM: silly message
  2865 | D:5      | Reached skill level 8 in Unarmed Combat
  2865 | D:5      | Reached XP level 7. HP: 57/66 MP: 6/6
  2957 | D:5      | XOM: silly message
  2978 | D:5      | XOM: potion effect (brilliance)
  3021 | D:5      | XOM: god gift: wand of iceblast (8)
  3075 | D:5      | XOM: cloud trail
  3142 | D:5      | Noticed a troll
  3147 | D:5      | Killed a troll
  3148 | D:5      | Reached skill level 1 in Evocations
  3249 | D:5      | Reached XP level 8. HP: 75/75 MP: 7/7
  3264 | D:5      | XOM: give mutations
  3264 | D:5      | Gained mutation: You have a pair of small horns on your
                  | head. [Xom's grace]
  3264 | D:5      | Gained mutation: You are strong-willed. (Will+) [Xom's
                  | grace]
  3264 | D:5      | Gained mutation: You expend magic power (3 MP) to
                  | strengthen your wands. [Xom's grace]
  3386 | D:5      | XOM: scenery: summon butterflies
  3451 | D:5      | XOM: destruction
  3452 | D:5      | XOM: fog
  3758 | D:6      | Reached skill level 9 in Unarmed Combat
  3775 | D:6      | Noticed a two-headed ogre
  3782 | D:6      | Killed a two-headed ogre
  3783 | D:6      | Reached XP level 9. HP: 74/85 MP: 8/8
  3795 | D:6      | XOM: 2-stop teleportation journey
  3824 | D:6      | XOM: god gift: staff of cold
  3854 | D:6      | Found a glowing drain.
  3873 | Sewer    | Entered a sewer
  4089 | Sewer    | XOM: god gift: 3 javelins
  4187 | Sewer    | XOM: cloud trail
  4293 | D:6      | XOM: give mutations
  4293 | D:6      | Gained mutation: You are somewhat resistant to further
                  | mutation. [Xom's grace]
  4293 | D:6      | Gained mutation: You are partially covered in iridescent
                  | scales. (AC +2) [Xom's grace]
  4293 | D:6      | Gained mutation: Your spells are a little harder to cast,
                  | but a little more powerful. [Xom's grace]
  4293 | D:6      | Gained mutation: You passively map a small area around you.
                  | [Xom's grace]
  4341 | D:6      | Found a staircase to the Ecumenical Temple.
  4638 | D:6      | XOM: cloud trail
  4706 | D:6      | Identified a scroll of acquirement
  4706 | D:6      | Acquired the amulet "Kipasapt" {Acrobat Rampage rElec
                  | rPois}
  4797 | D:6      | Found Latifez's Distillery.
  4869 | D:6      | XOM: cloud trail
  4996 | D:7      | XOM: stealth player
  5032 | D:7      | Reached skill level 5 in Dodging
  5097 | D:7      | Reached skill level 5 in Fighting
  5254 | D:7      | Reached skill level 10 in Unarmed Combat
  5625 | D:7      | Found a stormy altar of Qazlal.
  5630 | D:7      | Found an iron altar of Okawaru.
  5693 | D:8      | XOM: chaos cloud
  5774 | D:8      | Found a staircase to the Lair.
  5775 | D:8      | Noticed a komodo dragon
  5791 | D:8      | Killed a komodo dragon
  5955 | D:8      | XOM: potion effect (invisibility)
  6063 | D:8      | Found a shadowy altar of Dithmenos.
  6068 | D:8      | Reached XP level 10. HP: 92/96 MP: 9/9
  6158 | D:8      | Found an ornate altar of the Wu Jian Council.
  6687 | D:6      | Bought a potion of experience for 550 gold pieces
  6687 | D:6      | Reached skill level 13 in Unarmed Combat
  6687 | D:6      | Reached XP level 11. HP: 101/101 MP: 10/10
  6735 | Lair:1   | Entered Level 1 of the Lair of Beasts
  6765 | Lair:1   | XOM: destruction
  6870 | Lair:1   | XOM: confuse monster(s)
  6877 | Lair:1   | Reached skill level 5 in Evocations
  7022 | Lair:1   | XOM: scenery: create altars
  7154 | Lair:1   | XOM: smoke on damage
  7157 | Lair:1   | Reached skill level 14 in Unarmed Combat
  7160 | Lair:1   | XOM: scenery: create altars
  7164 | Lair:1   | XOM: confuse monster(s)
  7319 | Lair:1   | XOM: potion effect (invisibility)
  7429 | Lair:1   | XOM: give mutations
  7429 | Lair:1   | Lost mutation: You expend magic power (3 MP) to strengthen
                  | your wands. [Xom's mischief]
  7429 | Lair:1   | Lost mutation: You passively map a small area around you.
                  | [Xom's mischief]
  7520 | Lair:1   | XOM: divine lightning
  7779 | Lair:1   | XOM: god gift: spear {god gift}
  8033 | Lair:2   | XOM: confuse monster(s)
  8062 | Lair:2   | XOM: polymorph yak -> troll
  8125 | Lair:2   | Found a large runed translucent door.
  8125 | Lair:2   | Found a large runed translucent door.
  8131 | Lair:2   | Noticed Junaliek's ghost (journeyman MiFi)
  8440 | Lair:2   | XOM: scenery: 1 doors close
  8515 | Lair:2   | XOM: scenery: 2 doors open
  8846 | Lair:2   | XOM: give mutations
  8846 | Lair:2   | Gained mutation: You are highly strong-willed. (Will++)
                  | [Xom's grace]
  8846 | Lair:2   | Gained mutation: You possess an exceptional clarity of
                  | mind. [Xom's grace]
  8846 | Lair:2   | Gained mutation: You have sharp toenails. [Xom's grace]
  9050 | Lair:3   | XOM: give mutations
  9050 | Lair:3   | Gained mutation: You have a somewhat thin skeletal
                  | structure. (Dex +2, Stealth+) [Xom's grace]
  9050 | Lair:3   | Gained mutation: Your spells are harder to cast, but more
                  | powerful. [Xom's grace]
  9050 | Lair:3   | Gained mutation: Your system is resistant to poisons.
                  | (rPois) [Xom's grace]
  9179 | Lair:3   | Noticed a boulder beetle
  9202 | Lair:3   | XOM: enchant monster (good)
  9230 | Lair:3   | XOM: scenery: summon butterflies
  9241 | Lair:3   | XOM: fog
  9250 | Lair:3   | XOM: enchant monster (bad)
  9343 | Lair:3   | Killed a boulder beetle
  9347 | Lair:3   | Reached XP level 12. HP: 113/113 MP: 11/11
  9347 | Lair:3   | XOM: confuse monster(s)
  9364 | Lair:3   | Found a staircase to the Shoals.
  9411 | Lair:3   | XOM is BORED!
  9878 | Lair:3   | XOM: give mutations
  9878 | Lair:3   | Lost mutation: You have a pair of small horns on your head.
                  | [Xom's mischief]
  9878 | Lair:3   | Gained mutation: You are clumsy. (Dex -2) [Xom's mischief]
  9878 | Lair:3   | Lost mutation: You are partially covered in iridescent
                  | scales. (AC +2) [Xom's mischief]
  9949 | Lair:4   | Noticed Snorg
  9957 | Lair:4   | Killed Snorg
  9976 | Lair:4   | Noticed a seven-headed hydra
 10062 | Lair:4   | HP: 2/115 [11-headed hydra (9)]
 10062 | Lair:4   | Mangled by an 11-headed hydra

Illustrated notes

Levels and vault maps discovered:
D:1:      dpeg_arrival_castle, layout_basic,
          ebering_ecumenical_altar_sacrificial
D:2:      layout_basic, serial_shops, shop
D:3:      layout_loops_cross, serial_shops, shop_statue
D:4:      minmay_goblin_kobold_castle, layout_loops_ring,
          grunt_temple_overflow_gold_and_silver
D:5:      layout_loops_ring, minmay_gold_behind_fungi
D:6:      layout_basic, minmay_temple_entry_glass, gup_sewer_entry_pipe,
          serial_shops, nicolae_shop_statue_plus, hangedman_decor_opposing,
          minmay_misc_feat_hallway, kennysheep_generic_room_8
D:7:      layout_basic, minitemple
D:8:      layout_gridville, nicolae_wu_jian_immortal_techniques,
          nicolae_dithmenos_through_a_glass_darkly, david_lair_shrubbed,
          minmay_misc_feat_encased, corexii_hall_statues_u, fungi_pond_lemuel
D:9:      layout_basic, minmay_nine_imps
Lair:1:   layout_layer_cave
Lair:2:   layout_regular_city, ebering_ghost_disaster_area, lemuel_fruit_fields
Lair:3:   layout_loops_ring, shoals_dummy_entry, special_room
          [special_room_bee], nzn_sisyphean_effort, grunt_megastairs_3,
          infiniplex_staircase_pool_2
Lair:4:   layout_misc_corridors, minmay_snake_entry_spellcaster,
          minmay_lair_oklob_bushes, uniq_snorg

Skill      XL: |  1  2  3  4  5  6  7  8  9 10 11 12 |
---------------+-------------------------------------+-----
Unarmed Combat | 4 5 6 8 9 10 13 14 | 14.7
Fighting       | 3 4 5 6 |  6.4
Dodging        | 3 4 5 6 7 |  7.8
Evocations     | 1 3 4 6 |  6.5
Stealth        | |  1.0

Action                   |  1- 3 |  4- 6 |  7- 9 | 10-12 || total
-------------------------+-------+-------+-------+-------++-------
Melee: Unarmed           |    73 |   217 |   239 |   268 ||   797
       Punch             |     1 |     7 |     9 |    26 ||    43
       Headbutt          |       |       |    34 |    34 ||    68
       Kick              |       |       |       |    40 ||    40
  Use: Scroll            |       |     6 |     5 |     4 ||    15
       Potion            |       |       |       |     1 ||     1
 Stab: Sleeping          |     2 |     2 |     5 |     5 ||    14
       Distracted        |       |     4 |       |       ||     4
       Invisible         |       |       |     1 |     2 ||     3
       Confused          |       |       |       |     4 ||     4
Armor: Robe              |    21 |    70 |    39 |       ||   130
       Steam dragon scal |       |       |    37 |    71 ||   108
Dodge: Dodged            |    31 |   116 |   132 |   166 ||   445
